 Dungeon Crawl Stone Soup version 0.28-a0-1510-gd0f6b136d3 (webtiles) character file.

Game seed: 18161276074170690894

182 Hasart the Insei (level 5, -2/41 HPs)
             Began as a Demigod Transmuter on Jan 14, 2022.
             Slain by a gnoll (3 damage)
             ... on level 4 of the Dungeon.
             The game lasted 00:04:21 (4150 turns).

Hasart the Insei (Demigod Transmuter)               Turns: 4150, Time: 00:04:21

Health: -2/41      AC:  2    Str: 11    XL:     5   Next: 12%
Magic:  9/11       EV: 13    Int: 15    God:
Gold:   191        SH:  0    Dex: 18    Spells: 5/8 levels left

rFire   . . .      SeeInvis .     - Unarmed
rCold   . . .      Faith    .   (no shield)
rNeg    . . .      Spirit   .   a - +0 robe
rPois   .          Reflect  .   (helmet currently unavailable)
rElec   .          Harm     .   (no cloak)
rCorr   .          Rampage  .   (no gloves)
Will    .....                   (boots currently unavailable)
Stlth   ++........              (no amulet)
HPRegen 0.13/turn               (no ring)
MPRegen 0.12/turn               (no ring)

@: appendages, very slightly contaminated
A: horns 2, talons 2, high mp 1, forlorn, divine attributes
a: End Transformation


You were on level 4 of the Dungeon.
You had temporarily grown beastly horns and talons.
You visited 1 branch of the dungeon, and saw 4 of its levels.

You collected 191 gold pieces.

Inventory:

Armour
 a - a +0 robe (worn)
 d - a +0 pair of boots (melded)
 f - a +0 buckler
Jewellery
 g - a ring of fire
 j - an amulet of magic regeneration
Scrolls
 b - a scroll of blinking {unknown}
 c - 5 scrolls of identify {unknown}
 i - a scroll of vulnerability {unknown}
Potions
 e - a potion of curing {unknown}
 h - 4 potions of heal wounds {unknown}


   Skills:
 + Level 1.9 Fighting
 + Level 2.6 Dodging
 * Level 3.9 Unarmed Combat
 + Level 2.4 Spellcasting
 + Level 2.5 Transmutations


You had 5 spell levels left.
You knew the following spells:

 Your Spells              Type           Power      Damage    Failure   Level
a - Beastly Appendage     Tmut           18%        N/A       8%          1
b - Wereblood             Tmut           9%         N/A       11%         2

Your spell library contained the following spells:

 Spells                   Type           Power      Damage    Failure   Level
 Spider Form              Tmut/Pois      5%         N/A       36%         3
 Ice Form                 Ice/Tmut       5%         N/A       77%         4


Dungeon Overview and Level Annotations

Branches:
Dungeon (4/15)
 Temple: D:4-7

Shops:
D:1 [

Annotations:
D:3 1 runed translucent door, Crazy Yiuf


Innate Abilities, Weirdness & Mutations

You have temporarily grown beastly horns and talons.
You have an increased reservoir of magic. (+10% MP)
You shall have no god before yourself.
Your divine heritage dramatically boosts your attributes as you level up.


Message History

You grow a pair of large bovine horns.
Your feet morph into talons.
Your +0 pair of boots melds into your body.
The gnoll shaman calls upon its god to speed up the gnoll.
The gnoll seems to speed up.
A gnoll comes into view. It is wielding a +0 spear.
Casting: Beastly Appendage (safe; 8% risk of failure)
Confirm with . or Enter, or press ? or * to list all spells.
You miscast Wereblood.
You are very lightly contaminated with residual magic.
Nothing appears to happen.
The gnoll misses you.
Unknown command.
You hit the orc.
The orc is severely wounded.
The gnoll hits you with a +0 flail. The orc hits you with a +0 hand axe.
A gnoll comes into view. It is wielding a +0 spear.
The gnoll shouts!
You punch the orc!
You kill the orc!
The gnoll hits you with a +0 flail!
You hit the gnoll. You claw the gnoll. Your headbutt misses the gnoll.
The gnoll is moderately wounded.
The gnoll misses you. The gnoll hits you with a +0 flail.
You hit the gnoll. You claw the gnoll.
You kill the gnoll!
The gnoll throws a throwing net.
The throwing net barely misses you. The gnoll barely misses you.
The gnoll misses you.
You see here a +0 flail.
You barely miss the gnoll. Your headbutt misses the gnoll. You punch the gnoll.
The gnoll is moderately wounded.
The gnoll hits you from afar with a +0 spear. x3
You hit the gnoll shaman. You claw the gnoll shaman.
You headbutt the gnoll shaman.
The gnoll shaman is heavily wounded.
The gnoll hits you from afar with a +0 spear.
* * * LOW HITPOINT WARNING * * *
The gnoll hits you from afar with a +0 spear!
* * * LOW HITPOINT WARNING * * *
The gnoll hits you from afar with a +0 spear.
You die...

..... ..... ...... .....
...... ..... ##..... .....
####.....# .....
#.#.#......#.# .......
....#.g.gg...# .......
#.....gg)....# .........
.....#@.....#
...............#......#
..................(...#
..............#....#..###
..#...........#(...#.....
..............#....#......
..........................
......................###.
...........###...........


You could see a gnoll shaman and 4 gnolls.

Vanquished Creatures
  A centaur zombie (D:3)
  4 gnolls
  5 adders (D:2)
  2 dart slugs
  3 orcs
  5 ball pythons
  5 bats
  5 endoplasms
  3 giant cockroaches (D:1)
  6 goblins
  7 hobgoblins
  5 kobolds
  2 quokkas
  4 frilled lizards
  A rat (D:1)
58 creatures vanquished.

Notes
Turn   | Place    | Note
-------+----------+-------------------------------------------
     0 | D:1      | Hasart the Demigod Transmuter began the quest for the Orb.
     0 | D:1      | Reached XP level 1. HP: 15/15 MP: 5/5
   104 | D:1      | Reached skill level 1 in Fighting
   405 | D:1      | Reached XP level 2. HP: 7/23 MP: 7/7
   408 | D:1      | Learned a level 2 spell: Wereblood
   700 | D:1      | Found Lyr Icad's Antique Armour Shoppe.
   738 | D:1      | Reached skill level 3 in Unarmed Combat
  1411 | D:2      | Reached XP level 3. HP: 18/28 MP: 6/8
  2156 | D:2      | Reached XP level 4. HP: 14/35 MP: 8/10
  3402 | D:3      | Reached XP level 5. HP: 40/41 MP: 11/11
  3553 | D:3      | Found a runed translucent door.
  3554 | D:3      | Noticed Crazy Yiuf
  4150 | D:4      | HP: 1/41 [gnoll (7)]
  4150 | D:4      | Slain by a gnoll

Illustrated notes

Levels and vault maps discovered:
D:1:      tarquinn_simple_flora_water_e, layout_loops_ring,
          shapermc_ecumenical_altar_pompeii, serial_shops, shop
D:2:      layout_rooms, basic_altar
D:3:      layout_basic, jmf_multi_god_temple, mainiacjoe_overflow_chevrons,
          minivault_4, uniq_crazy_yiuf_cottage
D:4:      layout_basic, portal_sewer_entry_c, minmay_close_crescents,
          uniq_natasha, uniq_sigmund

Skill      XL: |  1  2 |
---------------+-------+-----
Fighting       | 1 |  1.9
Dodging        | 2 |  2.6
Transmutations | 2 |  2.5
Spellcasting   | 2 |  2.4
Unarmed Combat | 3 |  3.9

Action                   |  1- 3 |  4- 6 || total
-------------------------+-------+-------++-------
Melee: Unarmed           |   135 |    58 ||   193
       Headbutt          |    10 |     7 ||    17
       Kick              |     5 |    13 ||    18
       Punch             |     1 |     1 ||     2
 Cast: Beastly Appendage |     8 |     9 ||    17
       Wereblood         |     3 |     1 ||     4
 Stab: Sleeping          |     3 |     2 ||     5
Armor: Robe              |    29 |     7 ||    36
Dodge: Dodged            |    75 |    33 ||   108

Table legend: (Time is in decaauts)
 A = Elapsed time spent in this place.
 B = Non-inter-level travel time spent in this place.
 C = Inter-level travel time spent in this place.
 D = Time resting spent in this place.
 E = Time spent auto-exploring this place.
 F = Levels seen in this place.
 G = Mean time per level.
                   A        B        C        D        E       F      G
               +--------+--------+--------+--------+--------+-----+--------+
         Total |   4138 |   4034 |    104 |    530 |   2948 |   4 | 1034.5 |
       Dungeon |   4138 |   4034 |    104 |    530 |   2948 |   4 | 1034.5 |
               +--------+--------+--------+--------+--------+-----+--------+

Top non-repeatable levels by time:
     D:2: 1384 daAuts
     D:3: 1315 daAuts
     D:1: 1274 daAuts
     D:4: 164 daAuts
